 Dungeon Crawl Stone Soup version 0.28.0 (webtiles) character file.

Game seed: 1687050413277090117

436 browni3141 the Skirmisher (level 6, -1/57 HPs)
             Began as a Minotaur Berserker on Feb 16, 2022.
             Was a Believer of Trog.
             Killed by divine providence
             ... invoked by an orc priest
              (12 damage)
             ... on level 4 of the Dungeon.
             The game lasted 00:01:30 (3579 turns).

browni3141 the Skirmisher (Minotaur Berserker)      Turns: 3579, Time: 00:01:31

Health: -1/57      AC: 11    Str: 24    XL:     6   Next: 68%
Magic:  5/5        EV:  8    Int:  4    God:    Trog [**....]
Gold:   147        SH:  0    Dex:  9    Spells: 5/5 levels left

rFire   . . .      SeeInvis .   a - +0 hand axe
rCold   . . .      Faith    .   (no shield)
rNeg    . . .      Spirit   .   i - +0 chain mail
rPois   .          Reflect  .   (helmet restricted)
rElec   .          Harm     .   c - +0 cloak
rCorr   .          Rampage  .   (no gloves)
Will    .....                   (no boots)
Stlth   ..........              (no amulet)
HPRegen 0.19/turn               (no ring)
MPRegen 0.09/turn               (no ring)

@: no status effects
A: horns 2, retaliatory headbutt
a: Renounce Religion, Berserk, Trog's Hand


You were on level 4 of the Dungeon.
You worshipped Trog.
Trog was pleased with you.
You visited 1 branch of the dungeon, and saw 4 of its levels.

You collected 147 gold pieces.

Inventory:

Hand Weapons
 a - a +0 hand axe (weapon)
Armour
 b - a +0 animal skin
 c - a +0 cloak (worn)
 i - a +0 chain mail (worn)
Jewellery
 j - a ring of fire
Scrolls
 d - a scroll of teleportation {unknown}
 e - 3 scrolls of identify {unknown}
 k - a scroll of fog {unknown}
 o - a scroll of amnesia {unknown}
Potions
 f - a potion of attraction {unknown}
 g - 2 potions of flight {unknown}
 h - a potion of invisibility {unknown}
 l - a potion of curing {unknown}
 m - a potion of heal wounds {unknown}
 n - a potion of degeneration {unknown}


   Skills:
 + Level 6.1 Fighting
 + Level 6.0 Axes
 + Level 5.3 Armour
 - Level 2.1 Dodging


You had 5 spell levels left.
You didn't know any spells.
Your spell library was empty.

Dungeon Overview and Level Annotations

Branches:
Dungeon (4/15)
 Temple: D:4-7

Altars:

Shops:
D:1 *


Innate Abilities, Weirdness & Mutations

You have a pair of horns on your head.
You reflexively headbutt those who attack you in melee.


Message History

You hit the orc.
You kill the orc!
Trog accepts your kill.
You barely miss the orc. Your headbutt misses the orc.
The orc hits you but does no damage.
The orc priest looks satisfied for a moment.
You closely miss the orc. The orc hits you but does no damage.
You hit the orc but do no damage. The orc hits you but does no damage.
You closely miss the orc. You headbutt the orc.
The orc is lightly wounded.
The orc hits you but does no damage.
You hit the orc.
The orc is moderately wounded.
The orc hits you with a +0 club.
You hit the orc.
You kill the orc!
Trog accepts your kill.
The orc priest mumbles some strange prayers to Beogh against you.
Beogh smites you! The orc priest barely misses you.
Items here: )) [ ††.
You hit the orc priest.
You headbutt the orc priest, but do no damage.
The orc priest is lightly wounded.
The orc priest hits you but does no damage.
You closely miss the orc priest. Your headbutt misses the orc priest.
The orc priest is lightly wounded.
The orc priest calls down the wrath of Beogh upon you.
Pain shoots through your body!
* * * LOW HITPOINT WARNING * * *
You closely miss the orc priest. You headbutt the orc priest.
The orc priest is moderately wounded.
The orc priest hits you with a +0 hand axe.
* * * LOW HITPOINT WARNING * * *
You are too injured to fight recklessly!
You closely miss the orc priest.
The orc priest is moderately wounded.
The orc priest calls down the wrath of Beogh upon you.
Beogh smites you!
You die...

#...# ###.# #.# ######
#.#######....######
#.......'.....#.... .
#########.....#.... ...
#.....#....
.....#############.#....
.>...oo@.)..............
###########.######.#....
#.#......#...[
#.#.##...#....
#.#.##...#....
#.#.#....#####
#.#.#....#####
#.#......†....
######.#..........)


You could see an orc priest and an orc.

Vanquished Creatures
  A centaur (D:3)
  A phantom (D:4)
  A scorpion (D:4)
  A hound (D:4)
  An iguana (D:3)
  Natasha (thrice) (D:3)
  3 adders (D:2)
  An adder skeleton (D:4)
  3 worms
  2 dart slugs
  3 orcs (D:4)
  6 ball pythons
  5 bats
  3 endoplasms
  4 giant cockroaches
  5 goblins
  4 hobgoblins
  5 quokkas
  4 frilled lizards
  5 kobolds
  2 rats (D:1)
63 creatures vanquished.

Vanquished Creatures (others)
  38 plants (D:3)
38 creatures vanquished.

Grand Total: 101 creatures vanquished

Notes
Turn   | Place    | Note
-------+----------+-------------------------------------------
     0 | D:1      | browni3141 the Minotaur Berserker began the quest for the
                  | Orb.
     0 | D:1      | Reached XP level 1. HP: 19/19 MP: 0/0
   322 | D:1      | Reached XP level 2. HP: 22/27 MP: 1/1
   677 | D:1      | Found Ulaudw Ocos's General Store.
   969 | D:1      | Found a faded altar of an unknown god.
  1205 | D:2      | Reached ** piety under Trog
  1206 | D:2      | Reached XP level 3. HP: 31/33 MP: 2/2
  1791 | D:2      | Reached XP level 4. HP: 40/41 MP: 3/3
  2113 | D:3      | Noticed Natasha
  2117 | D:3      | Killed Natasha
  2118 | D:3      | Noticed a centaur
  2128 | D:3      | Killed a centaur
  2129 | D:3      | Reached skill level 5 in Fighting
  2129 | D:3      | Reached skill level 5 in Axes
  2129 | D:3      | Reached XP level 5. HP: 31/48 MP: 4/4
  2129 | D:3      | Noticed Natasha
  2146 | D:3      | Killed Natasha
  2589 | D:3      | Noticed Natasha
  2604 | D:3      | Killed Natasha
  3225 | D:4      | Reached XP level 6. HP: 53/57 MP: 5/5
  3268 | D:4      | Reached skill level 5 in Armour
  3579 | D:4      | Killed from afar by an orc priest

Illustrated notes

Levels and vault maps discovered:
D:1:      eino_arrival_cavern_b, layout_loops_ring, serial_shops,
          nicolae_shop_hallway_stairs, shapermc_ecumenical_altar_totnotflames
D:2:      layout_loops_ring
D:3:      layout_loops_ring, serial_bayou, serial_bayou_lake_a,
          serial_bayou_ford_a, serial_bayou_pond_e, serial_bayou_lagoon_a,
          serial_bayou_pond_d, uniq_natasha
D:4:      layout_basic, minmay_misc_feat_more_columns, uniq_eustachio

Skill      XL: |  1  2  3  4  5  6 |
---------------+-------------------+-----
Fighting       | 4 5 6 |  6.1
Axes           | 4 5 6 |  6.0
Armour         | 3 4 5 |  5.3
Dodging        | |  2.1

Action                   |  1- 3 |  4- 6 || total
-------------------------+-------+-------++-------
Melee: Hand axe          |    84 |    94 ||   178
       Headbutt          |    12 |    17 ||    29
       Punch             |     1 |       ||     1
Armor: Animal skin       |    10 |       ||    10
       Chain mail        |    22 |    51 ||    73
Dodge: Dodged            |    55 |    34 ||    89
